 Dungeon Crawl Stone Soup version 0.29.1-13-g9f3cf754e1 (webtiles) character file.

Game seed: 5530581907471606598

126741 hbarley the Executioner (level 16, -3/150 (161) HPs)
             Began as a Hill Orc Fighter on Jan 31, 2023.
             Was a High Priest of Elyvilon.
             Slain by a mana viper (12 damage)
             ... summoned by Taurus's ghost
             ... on level 2 of the Spider Nest.
             The game lasted 02:03:07 (27557 turns).

hbarley the Executioner (Hill Orc Fighter)         Turns: 27557, Time: 02:03:07

HP:   -3/150 (161)  AC: 33    Str: 31    XL:     16   Next: 99%
MP:   2/20          EV:  8    Int:  8    God:    Elyvilon [*****.]
Gold: 1358          SH:  6    Dex: 12    Spells: 15/15 levels left

rFire   + + .      SeeInvis +   q - +1 war axe (flame)
rCold   + + .      Faith    .   B - +0 buckler {AC+3}
rNeg    . . .      Spirit   .   Q - +0 gold dragon scales
rPois   +          Reflect  .   t - +0 helmet "Vegetu" {rF+ Slay+3}
rElec   .          Harm     .   I - +0 cloak
rCorr   .          Rampage  .   g - +0 pair of gloves
Will    +....                   (no boots)
Stlth   ..........              p - amulet of regeneration
HPRegen 1.15/turn               h - +4 ring of protection
MPRegen 0.17/turn               S - ring "Gaufarru" {*Corrode rC+ Str+6 SInv Stlth+}

@: divinely vigorous, slowed, drained, very slow
A: frail 1
a: Renounce Religion, Purification, Heal Other, Heal Self, Divine Vigour


You were on level 2 of the Spider Nest.
You worshipped Elyvilon.
Elyvilon was extremely pleased with you.
You visited 5 branches of the dungeon, and saw 25 of its levels.
You also visited: Sewer.

You collected 2581 gold pieces.
You spent 1223 gold pieces at shops.

Inventory:

Hand Weapons
 q - a +1 war axe of flaming (weapon)
 G - the +3 woodcutter's axe {vorpal}
   (You found it on level 7 of the Dungeon)

   It inflicts extra damage upon your enemies.
Armour
 g - a +0 pair of gloves (worn)
 t - the +0 helmet "Vegetu" (worn) {rF+ Slay+3}
   (You bought it in a shop on level 4 of the Dungeon)

   Slay:      It affects your accuracy & damage with ranged weapons and melee
   (+3).
   rF:        It protects you from fire.
 B - a +0 buckler of protection (worn)
 I - a +0 cloak (worn)
 M - +0 swamp dragon scales
 Q - +0 gold dragon scales (worn)
 T - a +0 buckler of poison resistance
Jewellery
 a - a ring of poison resistance
 c - a +6 ring of intelligence
 h - a +4 ring of protection (left hand)
 p - an amulet of regeneration (around neck)
 H - a ring of resist corrosion
 P - a ring of ice
 S - the ring "Gaufarru" (right hand) {*Corrode rC+ Str+6 SInv Stlth+}
   (You bought it in a shop on level 2 of the Orcish Mines)

   [ring of strength]

   Str:       It affects your strength (+6).
   rC:        It protects you from cold.
   SInv:      It lets you see invisible.
   *Corrode:  It may corrode you when you take damage.
   Stlth:     It makes you more stealthy.
Wands
 d - a wand of iceblast (26)
 x - a wand of mindburst (9)
 F - a wand of acid (12)
 J - a wand of digging (15)
 N - a wand of flame (49)
 Y - a wand of paralysis (18)
Scrolls
 f - 18 scrolls of teleportation
 i - 21 scrolls of identify
 j - 6 scrolls of magic mapping
 k - 4 scrolls of brand weapon {unknown}
 l - 5 scrolls of fear {unknown}
 o - 3 scrolls of fog {unknown}
 v - 8 scrolls of vulnerability
 y - 5 scrolls of blinking {unknown}
 A - 3 scrolls of enchant weapon {unknown}
 D - 5 scrolls of enchant armour {unknown}
 E - 3 scrolls of poison {unknown}
 L - 2 scrolls of amnesia {unknown}
 O - 2 scrolls of acquirement {unknown}
 Z - 2 scrolls of noise {unknown}
Potions
 e - 4 potions of brilliance
 m - a potion of haste
 r - 2 potions of attraction {unknown}
 s - a potion of resistance {unknown}
 u - 3 potions of invisibility {unknown}
 w - a potion of ambrosia {unknown}
 z - a potion of flight {unknown}
 C - 2 potions of cancellation
 R - 7 potions of mutation {unknown}
 V - 2 potions of magic {unknown}
 W - 2 potions of lignification {unknown}


   Skills:
 + Level 19.4 Fighting
 + Level 21.7 Axes
 + Level 16.9 Armour
 + Level 3.2 Dodging
 + Level 1.5 Stealth
 + Level 11.3 Shields
 + Level 3.9 Invocations
 + Level 1.4 Evocations


You had 15 spell levels left.
You didn't know any spells.
Your spell library contained the following spells:

 Spells                   Type           Power      Damage    Failure   Level
 Magic Dart               Conj           0%         1d3       100%        1
 Slow                     Hex            0%         N/A       100%        1
 Blink                    Tloc           0%         N/A       100%        2
 Call Imp                 Summ           0%         N/A       100%        2
 Ensorcelled Hibernation  Hex/Ice        0%         N/A       100%        2
 Passwall                 Tmut/Erth      0%         N/A       100%        2
 Static Discharge         Conj/Air       0%         3-3/arc   100%        2
 Call Canine Familiar     Summ           0%         N/A       100%        3
 Confusing Touch          Hex            0%         N/A       100%        3
 Lesser Beckoning         Tloc           0%         N/A       100%        3
 Mephitic Cloud           Conj/Pois/Air  0%         N/A       100%        3
 Portal Projectile        Hex/Tloc       0%         N/A       100%        3
 Swiftness                Air            0%         N/A       100%        3
 Tukima's Dance           Hex            0%         N/A       100%        3
 Vampiric Draining        Necr           0%         2d6       100%        3
 Dispel Undead            Necr           0%         3d6       100%        4
 Fulminant Prism          Conj/Hex       0%         3d6       100%        4
 Iskenderun's Mystic Bla  Conj/Tloc      0%         2d3       100%        4
 Leda's Liquefaction      Hex/Erth       0%         N/A       100%        4
 Passage of Golubria      Tloc           0%         N/A       100%        4
 Sticky Flame             Conj/Fire      0%         2d3       100%        4
 Alistair's Intoxication  Tmut/Pois      0%         N/A       100%        5
 Borgnjor's Vile Clutch   Necr/Erth      0%         N/A       100%        5
 Lee's Rapid Deconstruct  Erth           0%         3d5*      100%        5
 Manifold Assault         Tloc           0%         N/A       100%        5
 Yara's Violent Unravell  Hex/Tmut       0%         3d3       100%        5
 Eringya's Noxious Bog    Tmut/Pois      0%         N/A       100%        6
 Statue Form              Tmut/Erth      0%         N/A       100%        6
 Shatter                  Erth           0%         3d5*      100%        9


Dungeon Overview and Level Annotations

Branches:
Dungeon (15/15)            Temple (1/1) D:7            Lair (5/5) D:8
 Shoals (0/4) Lair:2       Spider (2/4) Lair:2        Slime (0/5) Lair:4
    Orc (2/2) D:10            Elf (0/3) Orc:2        Vaults (0/5) D:14
 Depths (0/4) D:15          Sewer (visited)

Altars:
Ashenzari
Cheibriados
Dithmenos
Elyvilon
Fedhas
Gozag
Hepliaklqana
Kikubaaqudgha
Makhleb
Nemelex Xobeh
Okawaru
Qazlal
Ru
Sif Muna
Trog
Uskayaw
Vehumet
Wu Jian
Xom
Yredelemnul
Zin
The Shining One

Shops:
D:10 (   D:12 =[   Orc:2 [=(*

Annotations:
D:7 1 runed translucent door, Squirrel's ghost, novice TrFi
D:13 1 transporter
Lair:2 exclusion: oklob plant
Spider:2 1 transporter, Taurus's ghost, journeyman FeSu


Innate Abilities, Weirdness & Mutations

You are frail. (-10% HP)


Message History

Elyvilon protects you from harm!
The death scarab draws strength from your injuries!
The lightning spire shoots out a bolt of lightning at you!
The bolt of electricity hits you!
* * * LOW HITPOINT WARNING * * *
Taurus's ghost mumbles some strange words.
The mana viper closely misses you.
The lightning spire shoots out a bolt of lightning at you!
The bolt of electricity hits you.
* * * LOW HITPOINT WARNING * * *
Taurus's ghost hits you but does no damage.
There is a transporter landing site, spattered with blood here.
You feel better. You block the death scarab's attack.
The mana viper barely misses you.
The lightning spire shoots out a bolt of lightning at you!
The bolt of electricity hits you but does no damage.
Taurus's ghost casts a spell.
You block the mana viper's attack.
The shadow imp hits you but does no damage.
You feel better. You block the death scarab's attack.
The mana viper bites you but does no damage.
Taurus's ghost casts a spell.
The mana viper barely misses you.
The shadow imp hits you but does no damage.
The mana viper bites you but does no damage.
The death scarab waves its antennae.
You block Taurus's ghost's attack.
The mana viper bites you but does no damage.
The shadow imp hits you but does no damage.
Elyvilon grants you divine vigour. The death scarab bites you.
* * * LOW HITPOINT WARNING * * *
The death scarab drains your vigour!
You feel as though you will be slow longer.
The death scarab draws strength from your injuries!
The death scarab bites you but does no damage.
You block the mana viper's attack. x3; The death scarab bites you!
* * * LOW HITPOINT WARNING * * *
The death scarab draws strength from your injuries!
The mana viper bites you!
You die...

#.................#
#.................#
#..#############..#
#..#...........#..#
#..#...........#..#
#..#$.###8###..#..#
#..#?.#8#.#8#..#..#
#..#?....SW.5..#..##
##
#.©#[...B@S....#©..#
.#
#..#|...5.S....#..^#
.#
#..#?.#8#.#8#..#...#
##
#..#..###.###..#...#
.#
#..#...........#...#
.##
#..#..........©#...#
..#
#..#############..^#
..##
#..................#
...#
#..................#


You could see 3 mana vipers, a death scarab, a lightning spire (summoned),
Taurus's ghost, a crimson imp (summoned) and a shadow imp (summoned).

Vanquished Creatures
  Rupert (Orc:1)
  Roxanne (D:15)
  An emperor scorpion (Spider:1)
  A ghost moth (Spider:1)
  2 orc warlords (Orc:1)
  Nessos (D:13)
  Azrael (Orc:2)
  Snorg (D:10)
  A fire dragon (D:15)
  An ice dragon (D:15)
  A vault guard (D:14)
  6 hydras
  A ghost crab (Spider:2)
  4 boulder beetles
  4 centaur warriors
  Urug (D:13)
  A two-headed ogre (D:14)
  7 tengu warriors
  12 death yaks
  3 orc high priests
  A fire crab (shapeshifter) (D:10)
  A flayed ghost (D:11)
  A deep troll (D:11)
  4 skeletal warriors
  4 steelbarb worms
  4 pharaoh ants
  A goliath frog (Lair:5)
  A phantasmal warrior (D:11)
  A lindwurm (Lair:3)
  2 wizards (D:14)
  4 orc knights
  2 spectral wolf spiders (Spider:2)
  A deep elf zephyrmancer (Orc:1)
  3 necromancers (D:14)
  4 wolf spiders
  An orc sorcerer (Orc:2)
  2 deep elf pyromancers
  4 cyclopes
  3 manticores
  11 elephants (Lair:5)
  7 ugly things
  Maurice (D:8)
  6 black mambas
  Joseph (D:8)
  5 torpor snails
  Maggie (D:8)
  A torpor snail (shapeshifter) (D:14)
  An emperor scorpion simulacrum (Spider:2)
  3 kobold demonologists
  22 cane toads
  2 demonic crawlers
  2 rime drakes
  2 efreet
  An unseen horror (D:13)
  10 komodo dragons
  A tengu conjurer (D:15)
  3 meliai (D:14)
  13 trolls
  2 hornets
  8 tyrant leeches
  3 polar bears (Lair:5)
  25 blink frogs
  12 slime creatures
  3 wolf spider simulacra (Spider:2)
  7 tarantellas
  11 jumping spiders
  4 wyverns
  2 wraiths
  43 yaks
  2 basilisks
  4 steam dragons
  7 culicivoras
  3 fire elementals (Orc:2)
  18 humans (D:14)
  A spriggan (Lair:5)
  33 redbacks
  24 vampire mosquitoes
  5 wargs
  5 hell hounds (Orc:2)
  2 acid dragons (D:12)
  16 water moccasins
  A swamp drake (Orc:1)
  28 orc warriors
  2 ice beasts
  3 sky beasts (D:9)
  A black bear (D:7)
  5 boggarts (D:15)
  27 wolves
  6 ogres
  19 centaurs
  10 kobold brigands
  14 bullfrogs
  A necrophage (D:6)
  2 gnoll sergeants (D:7)
  4 scorpions
  11 wights
  3 electric eels
  A crimson imp (Orc:1)
  15 jellies
  2 hounds
  An iron imp (Orc:1)
  12 orc priests
  3 gnoll boudas
  Ijyb (D:5)
  2 iguanas
  28 orc wizards
  13 gnolls
  6 river rats (Sewer)
  13 adders
  4 shadow imps
  4 white imps
  3 dart slugs
  2 worms
  80 orcs
  6 endoplasms
  3 giant cockroaches
  4 goblins
  6 hobgoblins
  2 jackals (D:2)
  39 kobolds
  6 quokkas
  13 ball pythons
  4 bats
  3 frilled lizards
  11 kobold skeletons (D:9)
  7 kobold zombies (D:9)
  28 rats
  A bush (D:7)
888 creatures vanquished.

Vanquished Creatures (others)
  An orb spider (Spider:2)
  A culicivora (Spider:2)
  An orc (Orc:2)
  A kobold (D:9)
  62 fungi
  129 plants
195 creatures vanquished.

Grand Total: 1083 creatures vanquished

Notes
Turn   | Place    | Note
-------+----------+-------------------------------------------
     0 | D:1      | hbarley the Hill Orc Fighter began the quest for the Orb.
     0 | D:1      | Reached XP level 1. HP: 19/19 MP: 1/1
   165 | D:1      | Found a faded altar of an unknown god.
   347 | D:1      | Reached XP level 2. HP: 27/27 MP: 2/2
   555 | D:1      | Reached skill level 3 in Axes
  1069 | D:2      | Reached XP level 3. HP: 19/33 MP: 3/3
  1739 | D:3      | Reached skill level 4 in Axes
  1739 | D:3      | Reached XP level 4. HP: 20/40 MP: 4/4
  2321 | D:3      | Reached XP level 5. HP: 47/47 MP: 5/5
  2342 | D:3      | Found a stormy altar of Qazlal.
  2342 | D:3      | Found a broken altar of Ashenzari.
  2641 | D:3      | Reached skill level 5 in Axes
  2976 | D:4      | Noticed a torpor snail
  2977 | D:4      | Found a snail-covered altar of Cheibriados.
  2977 | D:4      | Noticed a torpor snail
  2979 | D:4      | Noticed a torpor snail
  3053 | D:4      | Reached skill level 6 in Axes
  3053 | D:4      | Reached XP level 6. HP: 53/53 MP: 6/6
  3251 | D:4      | Found Obyanah's CLEARANCE SALE!.
  3270 | D:4      | Bought a scroll of identify for 8 gold pieces
  3270 | D:4      | Bought the +0 helmet "Vegetu" {rF+ Slay+3} for 124 gold
                  | pieces
  3270 | D:4      | Bought a potion of curing for 12 gold pieces
  3563 | D:4      | Found a shadowy altar of Dithmenos.
  3741 | D:5      | Entered Level 5 of the Dungeon
  3792 | D:5      | Reached skill level 5 in Fighting
  3792 | D:5      | Reached skill level 7 in Axes
  3792 | D:5      | Reached XP level 7. HP: 61/61 MP: 7/7
  3922 | D:5      | Reached skill level 5 in Armour
  4029 | D:5      | Reached skill level 8 in Axes
  4029 | D:5      | Reached skill level 1 in Dodging
  4102 | D:5      | Reached XP level 8. HP: 69/69 MP: 8/8
  4376 | D:5      | Noticed Ijyb
  4394 | D:5      | Killed Ijyb
  4395 | D:5      | Reached skill level 9 in Axes
  4826 | D:6      | Reached skill level 10 in Axes
  4898 | D:6      | Found a glowing drain.
  4907 | Sewer    | Entered a sewer
  4998 | Sewer    | Reached XP level 9. HP: 79/79 MP: 9/9
  5244 | D:6      | Reached skill level 11 in Axes
  5567 | D:6      | Reached skill level 12 in Axes
  5801 | D:7      | Reached skill level 1 in Stealth
  5879 | D:7      | Found a blossoming altar of Fedhas.
  5954 | D:7      | Found a hazy altar of Hepliaklqana.
  5955 | D:7      | Found a sacrificial altar of Ru.
  5983 | D:7      | Reached XP level 10. HP: 90/90 MP: 10/10
  6134 | D:7      | Found the +3 woodcutter's axe {vorpal}
  6215 | D:7      | Found a hide-covered altar of Uskayaw.
  6267 | D:7      | Found a runed translucent door.
  6270 | D:7      | Noticed Squirrel's ghost (novice TrFi)
  6276 | D:7      | Found a staircase to the Ecumenical Temple.
  6554 | D:7      | Found a shimmering altar of Xom.
  6677 | D:8      | Reached skill level 13 in Axes
  6689 | D:8      | Found an ornate altar of the Wu Jian Council.
  6951 | D:8      | Found a staircase to the Lair.
  7003 | D:8      | Noticed Joseph
  7062 | D:8      | Killed Joseph
  7063 | D:8      | Reached skill level 14 in Axes
  7063 | D:8      | Reached skill level 5 in Shields
  7227 | D:8      | Noticed Maurice
  7234 | D:8      | Killed Maurice
  7332 | D:8      | Noticed Maggie
  7342 | D:8      | Killed Maggie
  7343 | D:8      | Reached skill level 10 in Fighting
  7343 | D:8      | Reached XP level 11. HP: 92/99 MP: 11/11
  7722 | D:9      | Found a bloodstained altar of Trog.
  8063 | Temple   | Entered the Ecumenical Temple
  8133 | Temple   | Became a worshipper of Elyvilon the Healer
  8598 | D:9      | Reached skill level 15 in Axes
  9058 | D:9      | Reached * piety under Elyvilon
  9155 | D:9      | Found an ancient bone altar of Kikubaaqudgha.
  9441 | D:10     | Entered Level 10 of the Dungeon
  9447 | D:10     | Found Teodghat's Weapon Shoppe.
  9568 | D:10     | Found a shimmering blue altar of Sif Muna.
  9645 | D:10     | Reached ** piety under Elyvilon
  9676 | D:10     | Found a staircase to the Orcish Mines.
 10002 | D:10     | Noticed a fire crab
 10007 | D:10     | Reached *** piety under Elyvilon
 10014 | D:10     | Killed a fire crab
 10211 | D:10     | Noticed Snorg
 10233 | D:10     | Elyvilon protects you from harm!
 10234 | D:10     | Killed Snorg
 10235 | D:10     | Reached skill level 16 in Axes
 10443 | D:11     | Noticed a manticore
 10450 | D:11     | Killed a manticore
 10733 | D:11     | Reached skill level 10 in Armour
 10780 | D:11     | Noticed a five-headed hydra
 10787 | D:11     | Killed a one-headed hydra
 10809 | D:11     | Reached XP level 12. HP: 105/110 MP: 12/12
 11197 | D:11     | Found a runed translucent door.
 11472 | D:11     | Noticed a tengu warrior
 11823 | D:12     | Noticed a tengu warrior
 12097 | D:12     | Found Gunole's Jewellery Emporium.
 12111 | D:12     | Bought a ring of see invisible for 180 gold pieces
 12340 | D:12     | Reached **** piety under Elyvilon
 12764 | D:12     | Found Xaalor's Antique Armour Emporium.
 13471 | Lair:1   | Entered Level 1 of the Lair of Beasts
 13671 | Lair:1   | Reached skill level 17 in Axes
 14119 | Lair:2   | Found a hide-covered altar of Uskayaw.
 14164 | Lair:2   | Found a hole to the Spider Nest.
 14223 | Lair:2   | Reached ***** piety under Elyvilon
 14415 | Lair:2   | Reached XP level 13. HP: 107/119 MP: 13/13
 14448 | Lair:2   | Found a staircase to the Shoals.
 15191 | Lair:3   | Reached skill level 18 in Axes
 16220 | Lair:4   | Found a staircase to the Slime Pits.
 16409 | Lair:4   | Reached ****** piety under Elyvilon
 16503 | Lair:4   | You fall into a shaft and drop 1 floor!
 16503 | Lair:5   | Entered Level 5 of the Lair of Beasts
 16515 | Lair:5   | Reached XP level 14. HP: 133/133 MP: 14/14
 16536 | Lair:5   | Reached skill level 19 in Axes
 16646 | Lair:5   | Reached skill level 15 in Fighting
 18247 | Lair:5   | Identified the +4 glaive "Miah" {vamp, rPois}
 19863 | D:11     | Reached XP level 15. HP: 121/145 MP: 15/15
 20241 | Orc:1    | Entered Level 1 of the Orcish Mines
 20418 | Orc:1    | Identified the +2 robe "Fynikes" {rN+++ Will++ Int-3
                  | Stlth+}
 20512 | Orc:1    | Noticed an orc warlord
 20543 | Orc:1    | Killed an orc warlord
 20544 | Orc:1    | Reached skill level 20 in Axes
 20936 | Orc:2    | Entered Level 2 of the Orcish Mines
 20936 | Orc:2    | Noticed an orc warlord
 20936 | Orc:2    | Noticed Rupert
 20936 | Orc:2    | Found Itiniv's Jewellery Shop.
 20956 | Orc:1    | HP: 3/146 [Rupert/+2 battleaxe of electrocution (35)]
 20962 | Orc:1    | HP: 5/146 [Rupert/+2 battleaxe of electrocution (8)]
 20963 | Orc:1    | Killed Rupert
 20964 | Orc:1    | Reached skill level 15 in Armour
 21295 | Orc:1    | HP: 2/146 [orc warrior/+0 battleaxe (23)]
 21295 | Orc:1    | Elyvilon protects you from harm!
 21296 | Orc:1    | Elyvilon protects you from harm!
 21301 | Orc:1    | Elyvilon protects you from harm!
 21311 | Orc:1    | Killed an orc warlord
 21413 | Orc:1    | Reached skill level 1 in Invocations
 21481 | Orc:2    | Found Cofoqaul's Antique Weapon Emporium.
 21495 | Orc:2    | Gained mutation: You are frail. (-10% HP) [a neqoxec]
 21510 | Orc:2    | Found a staircase to the Elven Halls.
 21565 | Orc:2    | Bought the ring "Gaufarru" {*Corrode rC+ Str+6 SInv Stlth+}
                  | for 719 gold pieces
 21577 | Orc:2    | Found Uramiexu's General Store.
 21699 | Orc:2    | Noticed Azrael
 21715 | Orc:2    | Killed Azrael
 21721 | Orc:2    | Reached skill level 10 in Shields
 21841 | Orc:2    | Found Ageqilan's Antique Armour Shoppe.
 21849 | Orc:2    | Bought a shiny buckler for 180 gold pieces
 22604 | D:13     | Noticed Nessos
 22612 | D:13     | Noticed Urug
 22628 | D:13     | Killed Urug
 22662 | D:13     | Killed Nessos
 22939 | D:13     | Found a transporter.
 23468 | D:14     | Reached skill level 1 in Evocations
 23918 | D:14     | Found a shimmering blue altar of Sif Muna.
 24123 | D:14     | Found a gate to the Vaults.
 24132 | D:14     | Reached XP level 16. HP: 130/141 MP: 18/18
 24301 | D:15     | Entered Level 15 of the Dungeon
 24301 | D:15     | Identified Roxanne's Guide on Terra Firma
 24301 | D:15     | Noticed Roxanne
 24332 | D:15     | Killed Roxanne
 24386 | D:15     | Found a staircase to the Depths.
 24583 | D:15     | Reached skill level 21 in Axes
 26145 | Spider:1 | Entered Level 1 of the Spider Nest
 26419 | Spider:1 | Found the +8 autumn katana {vorpal, manifold assault}
 26608 | Spider:1 | You fall into a shaft and drop 1 floor!
 27512 | Spider:2 | Found a transporter.
 27517 | Spider:2 | Noticed Taurus's ghost (journeyman FeSu)
 27522 | Spider:2 | Found a transporter.
 27554 | Spider:2 | Elyvilon protects you from harm!
 27554 | Spider:2 | HP: 2/133 [lightning spire/bolt of electricity[Taurus's
                  | ghost] (5)]
 27557 | Spider:2 | Slain by a mana viper

Illustrated notes

Levels and vault maps discovered:
D:1:      amcnicky_arrival_feature_with_door, layout_basic,
          hellmonk_ecumenical_altar_blasted
D:2:      minmay_diamond_boxcup, layout_loops_ring
D:3:      layout_rooms, mainiacjoe_overflow_divided_tiny, nrook_mini_vaults,
          palyth_stone_intersect, roderic_serpentine_path, glass_columns_b
D:4:      layout_loops_cross, cheibriados_altar_2, grunt_dithmenos_smoke,
          nicolae_shop_clearance
D:5:      layout_loops_ring, hangedman_decor_lopped, skrybe_limestone_x,
          uniq_ijyb
D:6:      layout_basic, gup_sewer_entry_bubbles
D:7:      layout_loops_ring, mainiacjoe_overflow_tiny_flanked,
          kennysheep_little_box, nicolae_overflow_squiral,
          fedhas_bush_and_centaur_altar, temple_doors_e,
          ebering_ghost_reflecting_pool, amcnicky_mini_pool_small,
          pf_guarded_unrand_woodcutter
D:8:      layout_cave_pods, mainiacjoe_overflow_chevrons, lair_entry_dummy,
          uniq_maurice, uniq_maggie, uniq_joseph
D:9:      wander_kiku_kobolds, layout_loops_corners, kennysheep_mini,
          hangedman_misty_isle
D:10:     layout_gridville, mainiacjoe_overflow_alcove_1, orc_0_dummy,
          serial_shops, nicolae_shop_bloodbath_and_beyond, uniq_snorg
D:11:     layout_basic, minivault_13
D:12:     layout_loops_corners, serial_shops, nicolae_diamond_shop,
          nicolae_lakefront_shop
D:13:     layout_rooms, nicolae_diode_basic, uniq_urug, uniq_nessos
D:14:     layout_roguey, grunt_vaults_entry_tiered,
          nicolae_concentric_dashed_squares_mild,
          nicolae_sif_muna_little_library
D:15:     grunt_enter_depths_hoard, layout_basic, uniq_roxanne
Temple:   eino_temple_lava
Lair:1:   layout_concentric_octagons, hangedman_lair_unloving_vines,
          infiniplex_staircase_pool
Lair:2:   layout_chaotic_city, minmay_shoals_entry_centaurs,
          spider_nest_entry_rubble, basic_altar, guppyfry_lair_drakes
Lair:3:   layout_roguey, minivault_23, grunt_megastairs_5
Lair:4:   layout_cave_pods, minmay_slime_entry_jelly_boxes
Lair:5:   minmay_lair_end_frog_pond, layout_regular_city,
          grunt_forest_large_clearing_hut
Spider:1: layout_cave_pods, drop_trap, hangedman_spider_tarantella_strand
Spider:2: layout_spider_delve, gammafunk_ghost_mausoleum,
          nicolae_spider_swamp_cousins
Orc:1:    layout_caves, hangedman_minor_magic
Orc:2:    grunt_orc_gardens, layout_diamond_mine, grunt_orc_garden,
          grunt_orc_garden, grunt_orc_garden, grunt_orc_garden, uniq_azrael,
          uniq_rupert

Skill      XL: |  1  2  3  4  5  6  7  8  9 10 11 12 13 14 15 16 |
---------------+-------------------------------------------------+-----
Fighting       | 4 5 7 8 10 11 12 14 16 18 19 | 19.4
Axes           | 3 4 6 7 8 10 12 14 16 17 18 19 20 21 | 21.7
Armour         | 4 5 6 7 8 10 12 13 14 15 16 | 16.9
Dodging        | 1 2 3 |  3.2
Shields        | 4 5 6 7 8 9 10 11 | 11.3
Stealth        | 1 |  1.5
Invocations    | 3 |  3.9
Evocations     | 1 |  1.4

Action                   |  1- 3 |  4- 6 |  7- 9 | 10-12 | 13-15 | 16-18 || total
-------------------------+-------+-------+-------+-------+-------+-------++-------
Melee: War axe           |   100 |    89 |   325 |   678 |  1035 |   538 ||  2765
Invok: Heal Self         |       |       |       |       |    16 |     2 ||    18
       Divine Vigour     |       |       |       |       |       |     1 ||     1
Evoke: Wand              |       |       |       |       |    12 |       ||    12
  Use: Scroll            |       |     1 |       |     4 |     3 |       ||     8
       Potion            |       |       |       |     6 |     9 |     5 ||    20
 Stab: Held in net/web   |       |       |       |       |       |     1 ||     1
Armor: Scale mail        |    42 |    36 |   179 |    17 |       |       ||   274
       Chain mail        |       |       |       |   109 |       |       ||   109
       Gold dragon scale |       |       |       |   310 |   795 |   546 ||  1651
Dodge: Dodged            |    42 |    24 |   138 |   173 |   264 |   228 ||   869
Block: Buckler           |    21 |    16 |    61 |   160 |   279 |   198 ||   735
